 Dungeon Crawl Stone Soup version 0.28-a0-413-gde365fb1df (webtiles) character file.

Game seed: 11712043017173639025

993 heikuro the Shield-Bearer (level 8, -1/51 (55) HPs)
             Began as a Formicid Fighter on Sept 8, 2021.
             Was an Initiate of Makhleb.
             Slain by a wight (3 damage)
             ... on level 4 of the Dungeon.
             The game lasted 00:11:04 (5760 turns).

heikuro the Shield-Bearer (Formicid Fighter)        Turns: 5760, Time: 00:11:05

HP:   -1/51 (55)    AC: 10    Str: 18 (22) XL:     8   Next: 42%
MP:   0/10          EV:  7    Int:  9      God:    Makhleb [......]
Gold: 156           SH:  5    Dex: 10      Spells: 7/7 levels left

rFire   . . .      SeeInvis +   u - +0 great sword
rCold   . . .      Faith    .   c - +0 buckler
rNeg    . . .      Spirit   +   i - +1 chain mail
rPois   +          Reflect  .   (helmet unavailable)
rElec   .          Harm     .   (no cloak)
rCorr   .          Rampage  .   (no gloves)
Will    .....                   (no boots)
Stlth   ..........              b - amulet of guardian spirit
HPRegen 0.17/turn               (no ring)
MPRegen 0.12/turn               (no ring)

@: drained
A: permanent stasis, dig shafts and tunnels, antennae 3, four strong arms,
deterioration 2, frail 1, poison resistance
a: Dig, Shaft Self, Renounce Religion


You were on level 4 of the Dungeon.
You worshipped Makhleb.
Makhleb was noncommittal.
You visited 2 branches of the dungeon, and saw 5 of its levels.
You also visited: Sewer.

You collected 156 gold pieces.

Inventory:

Hand Weapons
 s - a +1 whip of electrocution
 u - a +0 great sword (weapon)
Armour
 c - a +0 buckler (worn)
 i - a +1 chain mail (worn)
Jewellery
 b - an amulet of guardian spirit (around neck)
 t - the amulet "Weupot" {Spirit -Tele +Inv MP+9 Dex+2}
   (You found it on level 4 of the Dungeon)

   [amulet of guardian spirit]

   It causes incoming damage to be divided between your reserves of health and
   magic.
   Dex:       It affects your dexterity (+2).
   MP:        It affects your magic capacity (+9).
   +Inv:      It lets you turn invisible.
   -Tele:     It prevents most forms of teleportation.
Scrolls
 e - 6 scrolls of identify
 k - a scroll of enchant weapon {unknown}
 l - 2 scrolls of fear {unknown}
 m - 2 scrolls of blinking {unknown}
 n - 2 scrolls of enchant armour
 o - a scroll of teleportation {unknown}
 p - a scroll of fog {unknown}
Potions
 a - a potion of attraction {unknown}
 d - 2 potions of might
 f - a potion of heal wounds
 g - 2 potions of invisibility
 h - a potion of experience {unknown}
 j - a potion of curing
 q - a potion of mutation {unknown}
 r - a potion of brilliance {unknown}


   Skills:
 + Level 5.2 Fighting
 * Level 5.8 Long Blades
 + Level 5.3 Armour
 + Level 5.8 Shields
 + Level 3.5 Invocations


You had 7 spell levels left.
You didn't know any spells.
Your spell library was empty.

Dungeon Overview and Level Annotations

Branches:
Dungeon (4/15)             Temple (1/1) D:4           Sewer (visited)

Altars:
Ashenzari
Cheibriados
Elyvilon
Fedhas
Hepliaklqana
Kikubaaqudgha
Makhleb
Qazlal
Uskayaw
Vehumet
Xom
Yredelemnul
Zin
The Shining One

Annotations:
D:2 black bear in box


Innate Abilities, Weirdness & Mutations

You cannot be hasted, slowed, berserked, paralysed or teleported.
You can dig through walls and to a lower floor.
You have a pair of large antennae on your head. (SInv)
Your four strong arms can wield two-handed weapons with a shield.
Your body often deteriorates upon taking damage.
You are frail. (-10% HP)
Your system is resistant to poisons. (rPois)


Message History

You barely miss the wight.
The wight is severely damaged.
You block the wight's attack. The wight hits you with a +0 flail!
You feel drained.
You are too injured to fight recklessly!
You are too injured to fight recklessly!
You are too injured to fight recklessly!
You closely miss the wight.
The wight is severely damaged.
The wight barely misses you.
You barely miss the wight.
The wight is severely damaged.
You block the wight's attack. The wight hits you with a +0 flail!
Your body deteriorates!
You feel weakened.
You hit the wight but do no damage.
The wight is severely damaged.
The wight barely misses you.
You closely miss the wight.
The wight is severely damaged.
The wight hits you with a +0 flail!
* * * LOW HITPOINT WARNING * * *
Your body deteriorates!
You feel weakened. The wight hits you with a +0 flail.
* * * LOW HITPOINT WARNING * * *
You feel drained.
* * * LOW HITPOINT WARNING * * *
Unknown command.
Okay, then.
You slice the wight!!
You destroy the wight!
Makhleb accepts your kill.
Your chain mail prevents you from hitting the wight.
The wight barely misses you.
You hit the wight.
The wight is lightly damaged.
The wight closely misses you.
You closely miss the wight.
The wight is lightly damaged.
The wight hits you with a +2 short sword.
You die...

*,#...............# #.# #.......
,,.#.#............####)###.......
*,....................).##.......
*,....................>..........
*,.......................#.......
*,.#+####.#####..........#)...#.#
*,,#.#....# ##.......#.#..###.#
*,,#.#.#### #.#######.#......#
#..#.#.#### #@# #.#....###
#..#.#....# #z# #.####.#
#..#.####.######z#***###.#.##.#
#..#.................#.....##.###
#..#.............###.#.#.#.##....
#..#.###.....#######.#.#.#.##..##
#..#.###..##.........#.#.#.......
#..#..........##########.####..#.
#..#|.......[....................


You could see 2 wights.

Vanquished Creatures
  Pikel (D:4)
  Sigmund (D:4)
  3 wights (D:4)
  A bullfrog skeleton (D:4)
  4 gnolls (D:4)
  7 adders
  2 worms (D:2)
  A dart slug (D:1)
  3 orcs
  13 ball pythons
  8 endoplasms
  11 giant cockroaches
  6 goblins
  6 hobgoblins
  13 jackals
  6 quokkas
  9 bats
  14 frilled lizards
  16 kobolds
  4 rats
129 creatures vanquished.

Vanquished Creatures (others)
  15 plants (Sewer)
15 creatures vanquished.

Grand Total: 144 creatures vanquished

Notes
Turn   | Place    | Note
-------+----------+-------------------------------------------
     0 | D:1      | heikuro the Formicid Fighter began the quest for the Orb.
     0 | D:1      | Reached XP level 1. HP: 18/18 MP: 1/1
   283 | D:1      | Reached XP level 2. HP: 23/24 MP: 2/2
   646 | D:1      | Reached XP level 3. HP: 26/29 MP: 3/3
  1065 | D:1      | Reached XP level 4. HP: 30/37 MP: 4/4
  1217 | D:2      | Noticed a black bear
  1425 | D:2      | Found a faded altar of an unknown god.
  1655 | D:2      | Became a worshipper of Xom of Chaos
  2124 | D:3      | Reached XP level 5. HP: 36/42 MP: 5/5
  2349 | D:3      | Found a shimmering altar of Xom.
  2560 | D:3      | Fell from the grace of Xom
  3155 | D:4      | XOM: stat loss: -2 Str (19/21)
  3156 | D:4      | Noticed Sigmund
  3169 | D:4      | Found a staircase to the Ecumenical Temple.
  3173 | Temple   | Entered the Ecumenical Temple
  3444 | Temple   | Became a worshipper of Makhleb the Destroyer
  3479 | D:4      | Killed Sigmund
  3480 | D:4      | Reached skill level 1 in Invocations
  3480 | D:4      | Reached XP level 6. HP: 28/49 MP: 3/7
  3496 | D:4      | Found a glowing drain.
  3527 | Sewer    | Entered a sewer
  3710 | Sewer    | XOM: give mutation
  3710 | Sewer    | Gained mutation: You sometimes lose the ability to read
                  | scrolls when taking damage. [Xom's mischief]
  3855 | Sewer    | XOM: torment (27/49 hp)
  4589 | D:4      | XOM: draining
  4601 | D:4      | Noticed Pikel
  4619 | D:4      | Killed Pikel
  4620 | D:4      | Reached skill level 5 in Fighting
  4620 | D:4      | Reached skill level 5 in Long Blades
  4620 | D:4      | Reached skill level 5 in Armour
  4620 | D:4      | Reached skill level 5 in Shields
  4620 | D:4      | Reached XP level 7. HP: 29/56 MP: 5/9
  4620 | D:4      | Reached XP level 8. HP: 32/62 MP: 5/10
  4642 | D:4      | XOM: stat loss: -3 Str (19/22)
  4782 | D:4      | XOM: give mutations
  4782 | D:4      | Gained mutation: Your system is resistant to poisons.
                  | (rPois) [Xom's mischief]
  4782 | D:4      | Gained mutation: Your body sometimes deteriorates upon
                  | taking damage. [Xom's mischief]
  4830 | D:4      | Identified the amulet "Weupot" {Spirit -Tele +Inv MP+9
                  | Dex+2}
  4840 | D:4      | XOM: give mutations
  4840 | D:4      | Gained mutation: Your body often deteriorates upon taking
                  | damage. [Xom's mischief]
  4840 | D:4      | Gained mutation: You are frail. (-10% HP) [Xom's mischief]
  4840 | D:4      | Lost mutation: You sometimes lose the ability to read
                  | scrolls when taking damage. [Xom's mischief]
  5097 | D:4      | Reached * piety under Makhleb
  5755 | D:4      | HP: 2/50 [wight (5)]
  5760 | D:4      | Slain by a wight

Illustrated notes

Levels and vault maps discovered:
D:1:      dpeg_arrival_water_fire, layout_basic
D:2:      layout_basic, hellmonk_ecumenical_altar_arch_garden,
          lightli_corner_chamber
D:3:      layout_loops_ring, mainiacjoe_overflow_six_doors_small
D:4:      layout_basic, minmay_temple_entry_glassed_door, gup_sewer_entry_pipe,
          kennysheep_generic_room_12, uniq_sigmund, uniq_pikel
Temple:   nicolae_temple_figure_eight

Skill      XL: |  1  2  3  4  5  6 |
---------------+-------------------+-----
Shields        | 4 5 |  5.8
Long Blades    | 3 4 5 |  5.8
Armour         | 4 5 |  5.3
Fighting       | 4 5 |  5.2
Invocations    | 1 3 |  3.5

Action                   |  1- 3 |  4- 6 |  7- 9 || total
-------------------------+-------+-------+-------++-------
Melee: Long sword        |   107 |   344 |    14 ||   465
       Great sword       |       |       |    54 ||    54
Invok: Renounce Religion |       |     1 |       ||     1
 Abil: Dig               |       |     4 |       ||     4
  Use: Scroll            |       |     5 |       ||     5
Armor: Scale mail        |    39 |    21 |       ||    60
       Chain mail        |       |   156 |    22 ||   178
Dodge: Dodged            |    65 |   118 |    29 ||   212
Block: Buckler           |    30 |    93 |    20 ||   143

Table legend: (Time is in decaauts)
 A = Elapsed time spent in this place.
 B = Non-inter-level travel time spent in this place.
 C = Inter-level travel time spent in this place.
 D = Time resting spent in this place.
 E = Time spent auto-exploring this place.
 F = Levels seen in this place.
 G = Mean time per level.
                   A        B        C        D        E       F      G
               +--------+--------+--------+--------+--------+-----+--------+
         Total |   6082 |   5925 |    157 |    923 |   3573 |   6 | 1013.7 |
       Dungeon |   4543 |   4432 |    111 |    796 |   2614 |   4 | 1135.8 |
        Temple |    291 |    245 |     46 |      0 |    235 |   1 |  291.0 |
         Sewer |   1247 |   1247 |      0 |    127 |    724 |   1 | 1247.0 |
               +--------+--------+--------+--------+--------+-----+--------+

Top non-repeatable levels by time:
     D:4: 1360 daAuts
   Sewer: 1247 daAuts
     D:1: 1218 daAuts
     D:3: 1047 daAuts
     D:2: 917 daAuts
  Temple: 291 daAuts
